 Dungeon Crawl Stone Soup version 0.30-b1-2-g02819fbbbe (webtiles) character file.

Game seed: 16448994105406732731

46 Alarkh the Caller (level 3, -2/24 HPs)
             Began as a Demonspawn Summoner on May 30, 2023.
             Slain by a gnoll
             ... wielding a +0 club
              (4 damage)
             ... on level 2 of the Dungeon.
             The game lasted 00:02:26 (1354 turns).

Alarkh the Caller (Demonspawn Summoner)             Turns: 1354, Time: 00:02:26

Health: -2/24      AC:  3    Str:  8    XL:     3   Next: 46%
Magic:  0/6        EV: 12    Int: 18    God:
Gold:   101        SH:  0    Dex: 13    Spells: 4/7 levels left

rFire   . . .        a - +0 short sword (elec)
rCold   . . .        (no shield)
rNeg    . . .        i - +1 robe
rPois   +            (no helmet)
rElec   .            (no cloak)
rCorr   .            (no gloves)
SInv    +            (no boots)
Will    .....        (no amulet)
Stlth   ++           d - ring of see invisible
HPRegen 0.24/turn    m - ring of poison resistance
MPRegen 0.10/turn

%: no passive effects
@: no status effects
A: weakness stinger 2
a: no special abilities


You were on level 2 of the Dungeon.
You visited 1 branch of the dungeon, and saw 2 of its levels.

You collected 101 gold pieces.

Inventory:

Hand Weapons
 a - a +0 short sword of electrocution (weapon)
 f - a +0 dagger
Armour
 i - a +1 robe (worn)
Jewellery
 d - a ring of see invisible (left hand)
 m - a ring of poison resistance (right hand)
 n - a ring of protection from cold
Scrolls
 e - a scroll of vulnerability {unknown}
 g - a scroll of enchant armour
 h - a scroll of amnesia {unknown}
 j - a scroll of brand weapon {unknown}
 k - a scroll of blinking
 o - a scroll of fear {unknown}
Potions
 b - a potion of magic
 c - 2 potions of mutation {unknown}
 l - a potion of lignification {unknown}


   Skills:
 - Level 1.7 Dodging
 - Level 1.7 Stealth
 + Level 2.6 Spellcasting
 * Level 4.9 Summonings


You had 4 spell levels left.
You knew the following spells:

 Your Spells              Type           Power      Damage    Failure   Level
a - Call Imp              Summ           40%        N/A       3%          2
b - Summon Small Mammal   Summ           80%        N/A       2%          1

Your spell library contained the following spells:

 Spells                   Type           Power      Damage    Failure   Level
 Call Canine Familiar     Summ           20%        N/A       7%          3
 Summon Guardian Golem    Hex/Summ       11%        N/A       19%         3
 Summon Lightning Spire   Summ/Air       11%        N/A       52%         4


Dungeon Overview and Level Annotations

Branches:
Dungeon (2/15)

Altars:


Innate Abilities, Weirdness & Mutations

You have a tail ending in a sharp stinger.


Message History

Confirm with . or Enter, or press ? or * to list all spells.
You don't know that spell.
Your bat hits the gnoll.
Your rat bites the gnoll but does no damage.
Your rat bites the gnoll.
Your bat misses the gnoll.
Your bat barely misses the gnoll. x2
The gnoll hits your bat with a +0 flail.
Your bat dies!
Your bat's corpse disappears in a puff of smoke!
Casting: Summon Small Mammal (safe; 2% risk of failure)
Confirm with . or Enter, or press ? or * to list all spells.
A tiny devil pulls itself out of the air.
Your cerulean imp hits the gnoll with a -3 spear.
The gnoll hits your cerulean imp with a +0 flail.
Your cerulean imp barely misses the gnoll.
Your rat barely misses the gnoll.
The gnoll completely misses your cerulean imp.
Your cerulean imp hits the gnoll with a -3 spear.
Your rat bites the gnoll.
The gnoll hits your rat with a +0 flail.
Your rat dies!
Your rat's corpse disappears in a puff of smoke!
Your cerulean imp hits the gnoll but does no damage.
You closely miss the gnoll.
The gnoll is heavily wounded.
The gnoll barely misses your cerulean imp.
The gnoll hits you with a +0 club.
* * * LOW HITPOINT WARNING * * *
Your cerulean imp hits the gnoll but does no damage.
You hit the gnoll.
The gnoll is severely wounded.
The gnoll barely misses your cerulean imp.
The gnoll misses you.
Your cerulean imp hits the gnoll with a -3 spear.
The gnoll dies!
You hit the gnoll but do no damage.
You tail-slap the gnoll, but do no damage.
The gnoll is severely wounded.
The gnoll hits you with a +0 club.
You die...

##......##.#......
#.....#.##.#.#.###
#.....#.##.. . .#
#.5............ ..
#.)...#......#.# #
#.....#.#...##.#
##...........
#.....#g######.##
#.....#@#
#.......#
#.....### #.....
###..# #.. .. #.#


You could see a gnoll (ally target) and a friendly cerulean imp (summoned).

Vanquished Creatures
  A dart slug (D:1)
  A ball python (D:2)
  3 endoplasms (D:1)
  A hobgoblin (D:2)
  3 jackals (D:1)
  A kobold (D:1)
  2 bats
  A frilled lizard (D:1)
  2 goblins
  A rat (D:2)
16 creatures vanquished.

Vanquished Creatures (collateral kills)
  2 gnolls (D:2)
  An endoplasm (D:1)
  2 goblins (D:1)
  2 kobolds (D:1)
7 creatures vanquished.

Grand Total: 23 creatures vanquished

Notes
Turn   | Place    | Note
-------+----------+-------------------------------------------
     0 | D:1      | Alarkh the Demonspawn Summoner began the quest for the Orb.
     0 | D:1      | Reached XP level 1. HP: 13/13 MP: 3/3
   332 | D:1      | Gained mutation: You have a small tail. [demonic ancestry]
   332 | D:1      | Reached XP level 2. HP: 17/19 MP: 0/5
   700 | D:1      | Learned a level 2 spell: Call Imp
  1277 | D:2      | Gained mutation: You have a tail ending in a sharp stinger.
                  | [demonic ancestry]
  1277 | D:2      | Reached XP level 3. HP: 24/24 MP: 2/6
  1354 | D:2      | Slain by a gnoll

Illustrated notes

Levels and vault maps discovered:
D:1:      lemuel_arrival_hallway, layout_basic, hangedman_glass_teeth,
          serial_park_tiny_1
D:2:      layout_loops_corners, minmay_between

Action                     || total
---------------------------++-------
  Melee: Dagger            ||     7
         Unarmed           ||     6
         Short sword       ||    46
         Tailslap          ||     7
   Cast: Summon Small Mamm ||    21
         Call Imp          ||     6
    Use: Scroll            ||     2
   Stab: Distracted        ||     1
         Sleeping          ||     1
 Armour: Robe              ||    16
  Dodge: Dodged            ||    33
